 Dungeon Crawl Stone Soup version 0.21.0-34-g9234887 (webtiles) character file.

236690 tidbits the Epochal (level 19, -1/193 HPs)
             Began as a Gnoll Skald on Jan 29, 2018.
             Was an Elder of Cheibriados.
             Splashed with acid (4 damage)
             ... on level 4 of the Pits of Slime on Jan 30, 2018.
             The game lasted 03:39:04 (10007 turns).

tidbits the Epochal (Gnoll Skald)                  Turns: 10007, Time: 03:39:06

Health: -1/193     AC: 25    Str: 28    XL:     19   Next: 21%
Magic:  2/36       EV: 27    Int: 30    God:    Cheibriados [****..]
Gold:   1190       SH: 20    Dex: 29    Spells: 2/44 levels left

rFire    . . .     SeeInvis .   a - +2 war axe (elec)
rCold    + + .     Gourm    .   D - +1 shield
rNeg     + + +     Faith    .   (armour currently unavailable)
rPois    ∞         Spirit   .   E - +2 hat
rElec    +         Reflect  .   C - +1 cloak {rC+}
rCorr    +         Harm     .   (gloves currently unavailable)
MR       +....                  (boots currently unavailable)
Stlth    ++++++....             T - amulet "Diblamm" {rN++ Regen+ Str+2}
HPRegen  0.00/turn              K - ring "Suprurch" {rCorr Dex+4}
MPRegen  0.25/turn              Y - +3 ring of slaying (curse)

@: statue-form, corroded, very slightly contaminated, regenerating, very slow
A: distributed training, fangs 1, large bone plates 1, cold resistance 1,
inhibited regeneration, strong 1, strong nose
}: 2/15 runes: decaying, serpentine
a: End Transformation, Bend Time, Temporal Distortion, Slouch, Renounce Religion


You were on level 4 of the Pits of Slime.
You worshipped Cheibriados.
Cheibriados was greatly pleased with you.
You were not hungry.
You were a stone statue.
You visited 8 branches of the dungeon, and saw 38 of its levels.
You also visited: Ice Cave.

You collected 3188 gold pieces.
You spent 1998 gold pieces at shops.

Inventory:

Hand Weapons
 a - a +2 war axe of electrocution (weapon)
   (You took it off a deep elf death mage on level 3 of the Elven Halls)
 b - a +2 dagger of pain
   (You took it off a goblin on level 2 of the Dungeon)
Missiles
 o - 20 tomahawks (quivered)
 O - 185 arrows
 S - 13 tomahawks of dispersal {!f}
 U - 2 throwing nets {!f}
Armour
 B - a +1 troll leather armour (melded)
 C - a +1 cloak of cold resistance (worn)
   (You found it in an ice cave)
 D - a +1 shield (worn)
 E - a +2 hat (worn)
 F - a +1 pair of boots (melded)
 G - a +0 pair of gloves (melded)
Jewellery
 n - an uncursed ring of fire
   (You found it on level 1 of the Dungeon)
 s - a ring of the Octopus King {MP+9 AC+1 EV+1 Str+1 Int+1 Dex+1}
   (You took it off a deep elf demonologist on level 3 of the Elven Halls)

   [ring of magical power]

   It affects your AC (+1).
   It affects your evasion (+1).
   It affects your strength (+1).
   It affects your intelligence (+1).
   It affects your dexterity (+1).
   It affects your magic capacity (+9).
 I - the ring of Wishful Thinking {Str+3 Int+3 Dex+3 SInv}
   (You found it in an ice cave)

   [ring of see invisible]

   It affects your strength (+3).
   It affects your intelligence (+3).
   It affects your dexterity (+3).
   It lets you see invisible.
 K - the ring "Suprurch" (left hand) {rCorr Dex+4}
   (You found it on level 4 of the Swamp)

   [ring of resist corrosion]

   It affects your dexterity (+4).
 L - an uncursed ring of flight
   (You found it on level 2 of the Dungeon)
 T - the amulet "Diblamm" (around neck) {rN++ Regen+ Str+2}
   (You took it off a deep elf mage on level 3 of the Elven Halls)

   [amulet of regeneration]

   It affects your strength (+2).
   It greatly protects you from negative energy.
   It increases your rate of regeneration.
 W - an uncursed ring of wizardry
   (You found it on level 4 of the Snake Pit)
 Y - a cursed +3 ring of slaying (right hand)
   (You took it off a deep elf death mage on level 3 of the Elven Halls)
Wands
 p - a wand of paralysis (1)
 P - a wand of polymorph (17)
 V - a wand of iceblast (8)
Scrolls
 e - 2 scrolls of fog
 g - 2 scrolls of vulnerability
 j - 2 scrolls of amnesia
 r - 17 scrolls of remove curse
 t - a scroll of immolation
 R - 3 scrolls of teleportation
Potions
 q - 2 potions of cancellation
 z - 3 potions of lignification
 A - 2 potions of curing
 M - a potion of resistance
Books
 h - a book of Summonings
   (You acquired it on level 3 of the Elven Halls)

   Spells                             Type                      Level
   a - Recall                         Summoning/Translocation      3
   b - Aura of Abjuration             Summoning                    5
   c - Summon Demon                   Summoning                    5
   d - Summon Forest                  Summoning/Translocation      5
   e - Summon Mana Viper              Hexes/Summoning              5
   f - Shadow Creatures               Summoning                    6
 k - a book of Flames
   (You found it on level 3 of the Elven Halls)

   Spells                             Type                      Level
   a - Flame Tongue                   Conjuration/Fire             1
   b - Throw Flame                    Conjuration/Fire             2
   c - Conjure Flame                  Conjuration/Fire             3
   d - Inner Flame                    Hexes/Fire                   3
   e - Sticky Flame                   Conjuration/Fire             4
   f - Fireball                       Conjuration/Fire             5
 v - a book of Spatial Translocations
   (You bought it in a shop on level 2 of the Orcish Mines)

   Spells                             Type                      Level
   a - Blink                          Translocation                2
   b - Shroud of Golubria             Charms/Translocation         2
   c - Lesser Beckoning               Translocation                3
   d - Gell's Gravitas                Translocation                3
   e - Teleport Other                 Translocation                3
   f - Passage of Golubria            Translocation                4
 J - Ygiw's Disquisition on Lightness and Heat
   (You found it on level 3 of the Elven Halls)

   Spells                             Type                      Level
   a - Flame Tongue                   Conjuration/Fire             1
   b - Ignite Poison                  Fire/Transmutation/Poison    3
   c - Lightning Bolt                 Conjuration/Air              5
   d - Silence                        Hexes/Air                    5
   e - Deflect Missiles               Charms/Air                   6
Miscellaneous
 i - a lamp of fire (inert)
 l - a lightning rod (4/4)
 H - 2 sacks of spiders
 X - a phial of floods (inert)
Comestibles
 d - 25 rations


   Skills:
 + Level 13.1 Fighting
 + Level 12.4 Short Blades
 + Level 12.4 Long Blades
 + Level 13.1 Axes
 + Level 12.4 Maces & Flails
 + Level 12.4 Polearms
 + Level 12.4 Staves
 + Level 12.4 Slings
 + Level 12.4 Bows
 + Level 12.4 Crossbows
 + Level 12.4 Throwing
 + Level 12.7 Armour
 + Level 13.1 Dodging
 + Level 12.4 Stealth
 + Level 12.4 Shields
 + Level 12.4 Unarmed Combat
 + Level 13.3 Spellcasting
 + Level 10.7 Conjurations
 + Level 10.7 Hexes
 + Level 11.8 Charms
 + Level 10.7 Summonings
 + Level 10.7 Necromancy
 + Level 10.7 Translocations
 + Level 10.7 Transmutations
 + Level 10.7 Fire Magic
 + Level 10.7 Ice Magic
 + Level 10.7 Air Magic
 + Level 10.7 Earth Magic
 + Level 10.7 Poison Magic
 + Level 13.4 Invocations
 + Level 12.4 Evocations


You had 2 spell levels left.
You knew the following spells:

 Your Spells              Type           Power        Failure   Level  Hunger
b - Blink                 Tloc           N/A          1%          2    None
g - Passage of Golubria   Tloc           N/A          1%          4    None
n - Animate Skeleton      Necr           N/A          1%          1    None
p - Passwall              Tmut/Erth      ######....   1%          2    None
r - Regeneration          Chrm/Necr      ######....   1%          3    None
s - Statue Form           Tmut/Erth      ######...    6%          6    ####...
v - Borgnjor's Vile Clut  Necr/Erth      ######....   1%          5    #......
w - Spectral Weapon       Hex/Chrm       ######..     1%          3    None
A - Apportation           Tloc           ######       1%          1    None
L - Summon Lightning Spi  Summ/Air       ######..     1%          4    None
N - Animate Dead          Necr           N/A          1%          4    None
R - Irradiate             Conj/Tmut      ######....   1%          5    #......
Z - Sublimation of Blood  Necr           ######....   1%          2    None


Dungeon Overview and Level Annotations

Branches:
Dungeon (13/15)            Temple (1/1) D:6            Lair (6/6) D:10
  Swamp (4/4) Lair:2        Snake (4/4) Lair:3        Slime (5/5) Lair:5
    Orc (2/2) D:12            Elf (3/3) Orc:2
 Vaults: D:13-14

Altars:
Cheibriados
Elyvilon
Fedhas
Kikubaaqudgha
Makhleb
Nemelex Xobeh
Okawaru
Ru
Vehumet
Xom
Yredelemnul
Zin
Beogh

Shops:
D:6 [(%   D:8 ?   D:9 (   Orc:2 :([*

Annotations:
D:3 Grinder


Innate Abilities, Weirdness & Mutations

Your experience applies equally to all skills.
You have very sharp teeth.
Your uncanny sense of smell can sniff out nearby items.
You are partially covered in large bone plates. (SH +4)
Your flesh is cold resistant. (rC+)
You do not regenerate when monsters are visible.
Your muscles are strong. (Str +2)


Message History

A slime creature comes into view.
The large slime creature closely misses your redback.
The acid blob spits acid at you. The splash of acid hits your redback.
Your redback is splashed with acid.
The acid corrodes your redback!
A large slime creature splits.
The slime creature closely misses your redback.
Your redback bites the acid blob!
Your redback is burned by acid!
You block the slime creature's attack.
The acid blob closely misses your redback.
The slime creature hits your redback!!
Your redback dies!
Your redback's corpse disappears in a puff of smoke! 2 slime creatures come into view.
Unknown command.
Unknown command.
You swap places.
The slime creature oozes through a web.
The acid blob spits acid at you. The splash of acid hits your redback.
Your redback is splashed with acid.
The slime creature hits your redback!
Two slime creatures merge to form a large slime creature.
The great orb of eyes bites your redback but does no damage.
The slime creature hits your redback!
Your redback dies!
Your redback's corpse disappears in a puff of smoke!
Two slime creatures merge to form a large slime creature. x2
The acid blob hits your redback!!
Your redback dies!
Your redback's corpse disappears in a puff of smoke! 2 slime creatures come into view.
The large slime creature hits your redback!!!
Your redback dies!
Your redback's corpse disappears in a puff of smoke!
A large slime creature splits.
The acid blob spits acid at you. The splash of acid hits you! You resist.
* * * LOW HITPOINT WARNING * * *
The acid corrodes you!
You are splashed with acid!
The acid burns!
You resist.
* * * LOW HITPOINT WARNING * * *
A large slime creature splits.
A slime creature comes into view.
There is a stone staircase leading up here.
A large slime creature splits.
The acid blob misses you.
Two slime creatures merge to form a large slime creature.
Two slime creatures merge to form a very large slime creature.
The acid blob spits acid at you. The splash of acid hits you!
The acid corrodes you!
You are splashed with acid!
The acid burns!
You resist.
* * * LOW HITPOINT WARNING * * *
A large slime creature splits.
Two slime creatures merge to form an enormous slime creature.
You climb upwards. 8 slime creatures and an eye of devastation come into view.
The slime creature quivers.
The slime creature completely misses you. x3
The slime creature quivers. x3
The eye of devastation turns its gaze towards you.
The slime creature quivers. x2
There is a stone staircase leading down here.
Unknown command.
Unknown command.
Unknown command.
You don't have enough magic at the moment.
Okay, then.
Unknown command.
Okay, then.
Unknown command.
Okay, then.
Unknown command.
Casting: Summon Lightning Spire
Confirm with . or Enter, or press ? or * to list all spells.
You blink.
An acid blob comes into view.
Two slime creatures merge to form a titanic slime creature.
The eye of devastation gazes at you. The bolt of energy misses you.
The acid blob spits acid at you. You block the splash of acid.
Found an escape hatch in the ceiling.
As you read the scroll of fog, it crumbles to dust.
The scroll dissolves into smoke.
The acid blob quivers.
Two slime creatures merge to form a large slime creature.
The acid blob spits acid at you. You block the splash of acid.
The great orb of eyes gazes at you. You resist with some effort.
The eye of devastation gazes at you. The bolt of energy misses you.
An acid blob, a slime creature and a shining eye come into view.
The acid blob jiggles.
The shining eye pulsates ominously.
Unknown command.
Casting: Blink
Confirm with . or Enter, or press ? or * to list all spells.
You blink.
The slime creature quivers.
A shining eye comes into view.
The shining eye turns its gaze towards you.
You are splashed with acid!
The wall burns you! You resist.
You die...

#.# J....J.>.......
.... .........G.....
#...##....#.........
#...#..§§...J......
.#...§§§JJJ........#
.....§§§§J.J.....##.
#...§§JGGJ.......#
##..§§.§J#..G.....
#...§.§§J.8......#
##...§§.§<..#.....
##.##.....## ..# ##
####### #


You could see 2 acid blobs, a great orb of eyes, an enormous slime creature, a
very large slime creature, a large slime creature, 5 slime creatures and 2
shining eyes.

Vanquished Creatures
  the Royal Jelly (Slime:5)
  the Lernaean hydra (Swamp:4)
  Nikola (Swamp:2)
  Rupert (Lair:3)
  An Ice Fiend (IceCv)
  A deep elf blademaster (Elf:3)
  9 acid blobs
  A deep elf master archer (Elf:3)
  2 thorn hunters (Swamp:1)
  5 azure jellies
  Roxanne (Snake:1)
  2 deep elf sorcerers (Elf:3)
  4 nagarajas (Snake:4)
  6 deep elf elementalists (Elf:3)
  An orc warlord (Orc:2)
  5 deep elf annihilators
  4 deep elf demonologists
  Josephine (D:11)
  8 death oozes
  3 deep elf death magi (Elf:3)
  Snorg (D:11)
  3 deep elf high priests (Elf:3)
  Harold (D:11)
  An ice dragon (Swamp:1)
  10 naga warriors
  2 ghost crabs
  2 great orbs of eyes
  12 hydras
  3 anacondas
  10 dancing weapons
  3 two-headed ogres
  12 alligators
  3 death yaks (D:10)
  7 naga sharpshooters (Snake:4)
  10 deep elf knights
  3 orc high priests
  A glowing orange brain (Slime:3)
  A spriggan druid (Swamp:4)
  An unseen horror (D:12)
  9 deep elf archers
  A death drake (shapeshifter) (Elf:2)
  Pikel (D:4)
  6 swamp dragons
  A naga ritualist (Snake:4)
  38 deep elf magi
  An ugly thing (IceCv)
  An orc knight (Orc:2)
  3 orc sorcerers (Orc:2)
  5 shining eyes
  2 cyclopes (D:12)
  A faun (Snake:4)
  An oklob plant (Swamp:2)
  44 slime creatures
  A manticore (D:11)
  2 salamanders (Snake:3)
  An ice statue (IceCv)
  An eye of devastation (Slime:1)
  4 elephants (Lair:5)
  A guardian serpent (Snake:3)
  2 centaur zombies (D:11)
  7 black mambas
  20 naga magi
  A torpor snail (Lair:5)
  A gargoyle (D:11)
  14 spiny frogs
  A rime drake (Lair:6)
  A rime drake (shapeshifter) (D:12)
  A yaktaur (D:12)
  An efreet (D:12)
  4 komodo dragons
  4 anaconda simulacra (IceCv)
  4 ice devils (IceCv)
  A small abomination (Elf:3)
  4 trolls
  4 freezing wraiths (IceCv)
  4 tyrant leeches
  12 bog bodies
  8 hornets
  4 hippogriffs
  5 blink frogs (Lair:1)
  An air elemental (Elf:3)
  6 spriggans
  3 wraiths (D:11)
  A shadow (Swamp:2)
  A wyvern (D:11)
  3 dire elephant simulacra (IceCv)
  A fire elemental (Elf:1)
  2 water elementals
  25 yaks
  Eustachio (D:8)
  2 basilisks
  2 golden eyes (Slime:3)
  3 hungry ghosts (D:8)
  10 swamp worms
  2 harpy simulacra (IceCv)
  15 vampire mosquitoes
  12 insubstantial wisps (Swamp:4)
  2 wargs (Orc:2)
  3 iron troll simulacra (IceCv)
  24 nagas
  6 water moccasins
  Edmund (D:4)
  A hydra simulacrum (IceCv)
  3 acid dragons (D:12)
  35 orc warriors
  A slave (D:4)
  7 porcupines
  8 swamp drakes
  A sky beast (D:5)
  3 black bears
  5 ice beasts
  2 eyes of draining
  2 necrophages (D:11)
  6 ogres
  2 ettin simulacra (IceCv)
  2 centaurs
  5 crocodiles
  Blork the orc (D:4)
  A big kobold (shapeshifter) (D:10)
  6 bullfrogs
  An earth elemental (Elf:3)
  A gnoll sergeant (D:7)
  A wyvern zombie (D:6)
  4 scorpions
  4 killer bees (D:12)
  3 electric eels (D:6)
  2 crimson imps
  2 howler monkeys
  2 bullfrog zombies
  A jelly (D:5)
  4 draconian simulacra (IceCv)
  2 bullfrog skeletons
  Crazy Yiuf (D:3)
  16 orc priests
  3 hounds
  A centaur skeleton (D:5)
  29 orc wizards
  3 iguanas
  2 polar bear simulacra (IceCv)
  3 worker ants
  A troll simulacrum (IceCv)
  A killer bee zombie (D:8)
  A centaur simulacrum (IceCv)
  4 hound skeletons
  10 gnolls
  6 adders
  3 naga simulacra (IceCv)
  2 ogre simulacra (IceCv)
  5 white imps
  5 ufetubi (IceCv)
  An adder zombie (D:7)
  4 worms
  3 leopard geckos
  101 orcs
  4 bats
  5 giant cockroaches
  6 goblins
  4 hobgoblins
  8 jackals
  3 quokkas
  A ball python (D:4)
  5 frilled lizards
  4 kobolds (D:1)
  2 rats
  A crawling corpse (Elf:3)
  2 fungi
  2 plants
  4 spectral weapons
871 creatures vanquished.

Vanquished Creatures (collateral kills)
  An acid blob (Slime:5)
  A deep elf blademaster (Elf:3)
  A deep elf elementalist (Elf:3)
  2 deep elf demonologists (Elf:3)
  A deep elf annihilator (Elf:3)
  A deep elf high priest (Elf:3)
  3 hydras
  An alligator (Swamp:1)
  A naga sharpshooter (Snake:4)
  4 swamp dragons (Swamp:4)
  An ugly thing (D:12)
  A shining eye (Slime:5)
  A deep elf mage (Elf:3)
  2 eyes of devastation
  An ice devil (IceCv)
  A polar bear (Lair:6)
  3 bog bodies (Swamp:4)
  4 slime creatures (Slime:4)
  A spriggan (Swamp:4)
  2 vampire mosquitoes (Swamp:4)
  3 insubstantial wisps (Swamp:4)
  A swamp worm (Swamp:4)
  A swamp drake (Swamp:4)
  A crocodile (Lair:6)
  A bullfrog (D:12)
  An iguana (D:12)
  A polar bear simulacrum (IceCv)
  A centaur simulacrum (IceCv)
  2 orcs (D:12)
  2 crawling corpses (Elf:3)
  2 fungi (Lair:6)
49 creatures vanquished.

Vanquished Creatures (others)
  A deep elf master archer (Elf:3)
  A deep elf archer (Elf:3)
  A naga mage (Snake:4)
  A small abomination (Elf:3)
  A naga (Snake:4)
  An orc (D:4)
  4 fungi (Swamp:4)
  A plant (Lair:6)
  10 spectral weapons
  22 toadstools
43 creatures vanquished.

Grand Total: 963 creatures vanquished

Notes
Turn   | Place    | Note
-------+----------+-------------------------------------------
     0 | D:1      | tidbits the Gnoll Skald began the quest for the Orb.
     0 | D:1      | Reached XP level 1. HP: 20/20 MP: 6/6
    99 | D:1      | Reached XP level 2. HP: 26/26 MP: 3/7
   103 | D:1      | Learned a level 2 spell: Song of Slaying
   106 | D:1      | Learned a level 2 spell: Shroud of Golubria
   392 | D:1      | Reached XP level 3. HP: 15/31 MP: 1/9
   403 | D:1      | Reached skill level 5 in Spellcasting
   480 | D:2      | Learned a level 3 spell: Regeneration
   484 | D:2      | Learned a level 3 spell: Spectral Weapon
   572 | D:2      | Reached skill level 1 in Invocations
   684 | D:4      | Noticed Blork the orc
   763 | D:3      | Noticed Grinder
   835 | D:4      | Killed Blork the orc
   835 | D:4      | Reached skill level 1 in Short Blades
   835 | D:4      | Reached skill level 1 in Long Blades
   835 | D:4      | Reached skill level 1 in Maces & Flails
   835 | D:4      | Reached skill level 1 in Polearms
   835 | D:4      | Reached skill level 1 in Staves
   835 | D:4      | Reached skill level 1 in Slings
   835 | D:4      | Reached skill level 1 in Bows
   835 | D:4      | Reached skill level 1 in Crossbows
   835 | D:4      | Reached skill level 1 in Throwing
   835 | D:4      | Reached skill level 1 in Stealth
   835 | D:4      | Reached skill level 1 in Shields
   835 | D:4      | Reached skill level 1 in Unarmed Combat
   835 | D:4      | Reached skill level 1 in Conjurations
   835 | D:4      | Reached skill level 1 in Hexes
   835 | D:4      | Reached skill level 1 in Summonings
   835 | D:4      | Reached skill level 1 in Necromancy
   835 | D:4      | Reached skill level 1 in Translocations
   835 | D:4      | Reached skill level 1 in Transmutations
   835 | D:4      | Reached skill level 1 in Fire Magic
   835 | D:4      | Reached skill level 1 in Ice Magic
   835 | D:4      | Reached skill level 1 in Air Magic
   835 | D:4      | Reached skill level 1 in Earth Magic
   835 | D:4      | Reached skill level 1 in Poison Magic
   835 | D:4      | Reached skill level 1 in Evocations
   835 | D:4      | Reached XP level 4. HP: 23/38 MP: 1/11
   835 | D:4      | Reached XP level 5. HP: 26/43 MP: 1/12
   895 | D:5      | Entered Level 5 of the Dungeon
   967 | D:5      | Noticed a necrophage
   988 | D:5      | Reached skill level 3 in Armour
  1025 | D:5      | Reached XP level 6. HP: 35/50 MP: 8/13
  1072 | D:6      | Found Qeamutepyso's Food Shoppe.
  1094 | D:6      | Reached skill level 2 in Invocations
  1124 | D:5      | Noticed a sky beast
  1127 | D:5      | Reached skill level 5 in Fighting
  1127 | D:5      | Reached skill level 2 in Short Blades
  1127 | D:5      | Reached skill level 2 in Long Blades
  1127 | D:5      | Reached skill level 5 in Axes
  1127 | D:5      | Reached skill level 2 in Maces & Flails
  1127 | D:5      | Reached skill level 2 in Polearms
  1127 | D:5      | Reached skill level 2 in Staves
  1127 | D:5      | Reached skill level 2 in Slings
  1127 | D:5      | Reached skill level 2 in Bows
  1127 | D:5      | Reached skill level 2 in Crossbows
  1127 | D:5      | Reached skill level 2 in Throwing
  1127 | D:5      | Reached skill level 5 in Dodging
  1127 | D:5      | Reached skill level 2 in Stealth
  1127 | D:5      | Reached skill level 2 in Shields
  1127 | D:5      | Reached skill level 2 in Unarmed Combat
  1127 | D:5      | Reached skill level 2 in Evocations
  1221 | D:5      | Found a sparkling altar of Nemelex Xobeh.
  1224 | D:5      | Noticed Eustachio
  1245 | D:5      | Killed a sky beast
  1245 | D:5      | Reached XP level 7. HP: 51/56 MP: 8/15
  1264 | D:5      | Found a blossoming altar of Fedhas.
  1291 | D:5      | Reached skill level 2 in Conjurations
  1291 | D:5      | Reached skill level 2 in Hexes
  1291 | D:5      | Reached skill level 2 in Summonings
  1291 | D:5      | Reached skill level 2 in Necromancy
  1291 | D:5      | Reached skill level 2 in Translocations
  1291 | D:5      | Reached skill level 2 in Transmutations
  1291 | D:5      | Reached skill level 2 in Fire Magic
  1291 | D:5      | Reached skill level 2 in Ice Magic
  1291 | D:5      | Reached skill level 2 in Air Magic
  1291 | D:5      | Reached skill level 2 in Earth Magic
  1291 | D:5      | Reached skill level 2 in Poison Magic
  1332 | D:4      | Noticed Edmund
  1348 | D:4      | Killed Edmund
  1382 | D:4      | Reached skill level 3 in Invocations
  1418 | D:3      | Found a runed door.
  1422 | D:3      | Noticed Crazy Yiuf
  1432 | D:3      | Killed Crazy Yiuf
  1477 | D:4      | Reached XP level 8. HP: 46/63 MP: 6/16
  1513 | D:4      | Noticed Pikel
  1520 | D:4      | Reached skill level 6 in Charms
  1524 | D:4      | Killed Pikel
  1524 | D:4      | Reached skill level 3 in Short Blades
  1524 | D:4      | Reached skill level 3 in Long Blades
  1524 | D:4      | Reached skill level 3 in Maces & Flails
  1524 | D:4      | Reached skill level 3 in Polearms
  1524 | D:4      | Reached skill level 3 in Staves
  1524 | D:4      | Reached skill level 3 in Slings
  1524 | D:4      | Reached skill level 3 in Bows
  1524 | D:4      | Reached skill level 3 in Crossbows
  1524 | D:4      | Reached skill level 3 in Throwing
  1524 | D:4      | Reached skill level 4 in Armour
  1524 | D:4      | Reached skill level 3 in Stealth
  1524 | D:4      | Reached skill level 3 in Shields
  1524 | D:4      | Reached skill level 3 in Unarmed Combat
  1524 | D:4      | Reached skill level 6 in Spellcasting
  1524 | D:4      | Reached skill level 3 in Evocations
  1605 | D:6      | Found a radiant altar of Vehumet.
  1722 | D:6      | Reached skill level 3 in Conjurations
  1722 | D:6      | Reached skill level 3 in Hexes
  1722 | D:6      | Reached skill level 3 in Summonings
  1722 | D:6      | Reached skill level 3 in Necromancy
  1722 | D:6      | Reached skill level 3 in Translocations
  1722 | D:6      | Reached skill level 3 in Transmutations
  1722 | D:6      | Reached skill level 3 in Fire Magic
  1722 | D:6      | Reached skill level 3 in Ice Magic
  1722 | D:6      | Reached skill level 3 in Air Magic
  1722 | D:6      | Reached skill level 3 in Earth Magic
  1722 | D:6      | Reached skill level 3 in Poison Magic
  1722 | D:6      | Reached skill level 4 in Invocations
  1761 | D:6      | Found Lusoot's Weapon Boutique.
  1772 | D:6      | Reached XP level 9. HP: 69/69 MP: 12/18
  1778 | D:6      | Found a staircase to the Ecumenical Temple.
  1782 | D:6      | Reached skill level 6 in Fighting
  1782 | D:6      | Reached skill level 6 in Axes
  1782 | D:6      | Reached skill level 6 in Dodging
  1796 | Temple   | Entered the Ecumenical Temple
  1824 | Temple   | Became a worshipper of Cheibriados the Contemplative
  1865 | D:6      | Found Neluqad's Antique Armour Emporium.
  1898 | D:6      | Bought an ichor-stained ring mail for 180 gold pieces
  1908 | D:6      | Identified the +0 ring mail of Gestures {rN++ Int+8 Dex-2} (You bought it in a shop on level 6 of the Dungeon)
  2031 | D:7      | Found a burning altar of Makhleb.
  2031 | D:7      | Found an ancient bone altar of Kikubaaqudgha.
  2100 | D:7      | Reached skill level 4 in Short Blades
  2100 | D:7      | Reached skill level 4 in Long Blades
  2100 | D:7      | Reached skill level 4 in Maces & Flails
  2100 | D:7      | Reached skill level 4 in Polearms
  2100 | D:7      | Reached skill level 4 in Staves
  2100 | D:7      | Reached skill level 4 in Slings
  2100 | D:7      | Reached skill level 4 in Bows
  2100 | D:7      | Reached skill level 4 in Crossbows
  2100 | D:7      | Reached skill level 4 in Throwing
  2100 | D:7      | Reached skill level 4 in Stealth
  2100 | D:7      | Reached skill level 4 in Shields
  2100 | D:7      | Reached skill level 4 in Unarmed Combat
  2100 | D:7      | Reached skill level 4 in Evocations
  2335 | D:8      | Reached * piety under Cheibriados
  2386 | D:6      | Found a glowing silver altar of Zin.
  2386 | D:6      | Found a white marble altar of Elyvilon.
  2422 | D:8      | Reached skill level 5 in Armour
  2492 | D:8      | Noticed a hornet
  2496 | D:8      | Killed a hornet
  2513 | D:8      | Reached skill level 5 in Invocations
  2670 | D:7      | Reached XP level 10. HP: 39/77 MP: 20/20
  2695 | D:8      | Killed Eustachio
  2695 | D:8      | Reached skill level 7 in Spellcasting
  2761 | D:8      | Found Aguugg's Magic Scroll Shop.
  2767 | D:8      | Bought a scroll of noise for 14 gold pieces
  2768 | D:8      | Bought a scroll of teleportation for 42 gold pieces
  2768 | D:8      | Bought a scroll of teleportation for 42 gold pieces
  2768 | D:8      | Bought a scroll of identify for 28 gold pieces
  2768 | D:8      | Bought a scroll of identify for 28 gold pieces
  2831 | D:9      | Found Wuquc's Antique Weapon Shop.
  2843 | D:9      | Reached skill level 4 in Conjurations
  2843 | D:9      | Reached skill level 4 in Hexes
  2843 | D:9      | Reached skill level 4 in Summonings
  2843 | D:9      | Reached skill level 4 in Necromancy
  2843 | D:9      | Reached skill level 4 in Translocations
  2843 | D:9      | Reached skill level 4 in Transmutations
  2843 | D:9      | Reached skill level 4 in Fire Magic
  2843 | D:9      | Reached skill level 4 in Ice Magic
  2843 | D:9      | Reached skill level 4 in Air Magic
  2843 | D:9      | Reached skill level 4 in Earth Magic
  2843 | D:9      | Reached skill level 4 in Poison Magic
  2882 | D:9      | Reached ** piety under Cheibriados
  2988 | D:9      | You fall through a shaft for 2 floors!
  2990 | D:11     | Noticed a two-headed ogre
  3011 | D:11     | Reached skill level 5 in Short Blades
  3011 | D:11     | Reached skill level 5 in Long Blades
  3011 | D:11     | Reached skill level 5 in Maces & Flails
  3011 | D:11     | Reached skill level 5 in Polearms
  3011 | D:11     | Reached skill level 5 in Staves
  3011 | D:11     | Reached skill level 5 in Slings
  3011 | D:11     | Reached skill level 5 in Bows
  3011 | D:11     | Reached skill level 5 in Crossbows
  3011 | D:11     | Reached skill level 5 in Throwing
  3011 | D:11     | Reached skill level 5 in Stealth
  3011 | D:11     | Reached skill level 5 in Shields
  3011 | D:11     | Reached skill level 5 in Unarmed Combat
  3011 | D:11     | Reached skill level 5 in Evocations
  3018 | D:11     | Reached skill level 7 in Charms
  3026 | D:11     | Learned a level 1 spell: Animate Skeleton
  3040 | D:11     | Noticed Harold
  3049 | D:11     | HP: 4/77 [Harold/dire flail of holy wrath (11)]
  3058 | D:11     | Killed Harold
  3058 | D:11     | Reached skill level 7 in Fighting
  3058 | D:11     | Reached skill level 7 in Axes
  3058 | D:11     | Reached skill level 7 in Dodging
  3074 | D:11     | Noticed Snorg
  3083 | D:11     | Killed Snorg
  3083 | D:11     | Reached skill level 6 in Armour
  3083 | D:11     | Reached skill level 6 in Invocations
  3125 | D:11     | Noticed a gargoyle
  3127 | D:11     | Killed a gargoyle
  3147 | D:10     | Entered Level 10 of the Dungeon
  3172 | D:10     | Noticed a death yak
  3241 | D:9      | Noticed a two-headed ogre
  3242 | D:9      | Found an iron altar of Okawaru.
  3252 | D:9      | Killed a two-headed ogre
  3252 | D:9      | Reached XP level 11. HP: 78/84 MP: 22/22
  3364 | D:11     | Noticed a manticore
  3375 | D:11     | Killed a manticore
  3387 | D:11     | Reached skill level 6 in Short Blades
  3387 | D:11     | Reached skill level 6 in Long Blades
  3387 | D:11     | Reached skill level 6 in Maces & Flails
  3387 | D:11     | Reached skill level 6 in Polearms
  3387 | D:11     | Reached skill level 6 in Staves
  3387 | D:11     | Reached skill level 6 in Slings
  3387 | D:11     | Reached skill level 6 in Bows
  3387 | D:11     | Reached skill level 6 in Crossbows
  3387 | D:11     | Reached skill level 6 in Throwing
  3387 | D:11     | Reached skill level 6 in Stealth
  3387 | D:11     | Reached skill level 6 in Shields
  3387 | D:11     | Reached skill level 6 in Unarmed Combat
  3387 | D:11     | Reached skill level 6 in Evocations
  3411 | D:12     | Reached *** piety under Cheibriados
  3413 | D:12     | Reached skill level 5 in Conjurations
  3413 | D:12     | Reached skill level 5 in Hexes
  3413 | D:12     | Reached skill level 5 in Summonings
  3413 | D:12     | Reached skill level 5 in Necromancy
  3413 | D:12     | Reached skill level 5 in Translocations
  3413 | D:12     | Reached skill level 5 in Transmutations
  3413 | D:12     | Reached skill level 5 in Fire Magic
  3413 | D:12     | Reached skill level 5 in Ice Magic
  3413 | D:12     | Reached skill level 5 in Air Magic
  3413 | D:12     | Reached skill level 5 in Earth Magic
  3413 | D:12     | Reached skill level 5 in Poison Magic
  3496 | D:12     | Killed an unseen horror
  3496 | D:12     | Reached skill level 8 in Spellcasting
  3545 | D:12     | Noticed a cyclops
  3570 | D:12     | Killed a cyclops
  3570 | D:12     | Reached skill level 7 in Invocations
  3575 | D:12     | Reached skill level 8 in Fighting
  3575 | D:12     | Reached skill level 8 in Axes
  3575 | D:12     | Reached skill level 7 in Armour
  3575 | D:12     | Reached skill level 8 in Dodging
  3586 | D:12     | Learned a level 4 spell: Animate Dead
  3653 | D:12     | Noticed a two-headed ogre
  3653 | D:12     | Noticed a brown ugly thing
  3659 | D:12     | Killed a two-headed ogre
  3667 | D:12     | Killed a brown ugly thing
  3690 | D:12     | Noticed a cyclops
  3690 | D:12     | Reached **** piety under Cheibriados
  3702 | D:12     | Killed a cyclops
  3725 | D:11     | Killed a two-headed ogre
  3725 | D:11     | Reached XP level 12. HP: 79/93 MP: 23/24
  3738 | D:11     | Reached skill level 8 in Charms
  3755 | D:11     | Noticed Josephine
  3765 | D:11     | Killed Josephine
  3779 | D:11     | Learned a level 5 spell: Borgnjor's Vile Clutch
  3933 | D:12     | Reached skill level 7 in Short Blades
  3933 | D:12     | Reached skill level 7 in Long Blades
  3933 | D:12     | Reached skill level 7 in Maces & Flails
  3933 | D:12     | Reached skill level 7 in Polearms
  3933 | D:12     | Reached skill level 7 in Staves
  3933 | D:12     | Reached skill level 7 in Slings
  3933 | D:12     | Reached skill level 7 in Bows
  3933 | D:12     | Reached skill level 7 in Crossbows
  3933 | D:12     | Reached skill level 7 in Throwing
  3933 | D:12     | Reached skill level 7 in Stealth
  3933 | D:12     | Reached skill level 7 in Shields
  3933 | D:12     | Reached skill level 7 in Unarmed Combat
  3933 | D:12     | Reached skill level 7 in Evocations
  4016 | D:12     | Learned a level 1 spell: Apportation
  4052 | D:12     | Found a staircase to the Orcish Mines.
  4067 | Orc:1    | Entered Level 1 of the Orcish Mines
  4098 | Orc:2    | Entered Level 2 of the Orcish Mines
  4103 | Orc:2    | Found a roughly hewn altar of Beogh.
  4119 | Orc:2    | Found a staircase to the Elven Halls.
  4161 | Orc:1    | Noticed an orc high priest
  4162 | Orc:1    | Reached ***** piety under Cheibriados
  4165 | Orc:1    | Killed an orc high priest
  4165 | Orc:1    | Reached skill level 6 in Conjurations
  4165 | Orc:1    | Reached skill level 6 in Hexes
  4165 | Orc:1    | Reached skill level 6 in Summonings
  4165 | Orc:1    | Reached skill level 6 in Necromancy
  4165 | Orc:1    | Reached skill level 6 in Translocations
  4165 | Orc:1    | Reached skill level 6 in Transmutations
  4165 | Orc:1    | Reached skill level 6 in Fire Magic
  4165 | Orc:1    | Reached skill level 6 in Ice Magic
  4165 | Orc:1    | Reached skill level 6 in Air Magic
  4165 | Orc:1    | Reached skill level 6 in Earth Magic
  4165 | Orc:1    | Reached skill level 6 in Poison Magic
  4191 | Orc:1    | Reached skill level 8 in Invocations
  4290 | Orc:2    | Reached skill level 9 in Spellcasting
  4298 | Orc:2    | Reached skill level 8 in Armour
  4446 | Orc:2    | Found a roughly hewn altar of Beogh.
  4452 | Orc:2    | Found Jumpex's Book Shoppe.
  4487 | Orc:2    | Found a roughly hewn altar of Beogh.
  4534 | Orc:2    | Reached skill level 9 in Fighting
  4534 | Orc:2    | Reached skill level 9 in Axes
  4534 | Orc:2    | Reached skill level 9 in Dodging
  4544 | Orc:2    | Noticed an orc warlord
  4552 | Orc:2    | Noticed an orc high priest
  4556 | Orc:2    | Killed an orc warlord
  4556 | Orc:2    | Reached XP level 13. HP: 74/101 MP: 11/26
  4583 | Orc:2    | Found Deal's Antique Armour Shop.
  4585 | Orc:2    | Found a roughly hewn altar of Beogh.
  4591 | Orc:2    | Found Pecy's Antique Weapon Boutique.
  4713 | Orc:2    | Found a roughly hewn altar of Beogh.
  4714 | Orc:2    | Found Jyluroor's General Store.
  4732 | Orc:2    | Bought a scroll of magic mapping for 49 gold pieces
  4795 | Orc:2    | Bought a book of Callings for 510 gold pieces
  4800 | Orc:2    | Learned a level 4 spell: Summon Lightning Spire
  4830 | Elf:1    | Entered Level 1 of the Elven Halls
  4840 | Elf:1    | Reached skill level 8 in Short Blades
  4840 | Elf:1    | Reached skill level 8 in Long Blades
  4840 | Elf:1    | Reached skill level 8 in Maces & Flails
  4840 | Elf:1    | Reached skill level 8 in Polearms
  4840 | Elf:1    | Reached skill level 8 in Staves
  4840 | Elf:1    | Reached skill level 8 in Slings
  4840 | Elf:1    | Reached skill level 8 in Bows
  4840 | Elf:1    | Reached skill level 8 in Crossbows
  4840 | Elf:1    | Reached skill level 8 in Throwing
  4840 | Elf:1    | Reached skill level 8 in Stealth
  4840 | Elf:1    | Reached skill level 8 in Shields
  4840 | Elf:1    | Reached skill level 8 in Unarmed Combat
  4840 | Elf:1    | Reached skill level 8 in Evocations
  4932 | Elf:1    | Noticed a deep elf demonologist
  4937 | Elf:1    | Killed a deep elf demonologist
  4940 | Elf:1    | Reached skill level 9 in Invocations
  5031 | Elf:1    | Reached skill level 7 in Conjurations
  5031 | Elf:1    | Reached skill level 7 in Hexes
  5031 | Elf:1    | Reached skill level 9 in Charms
  5031 | Elf:1    | Reached skill level 7 in Summonings
  5031 | Elf:1    | Reached skill level 7 in Necromancy
  5031 | Elf:1    | Reached skill level 7 in Translocations
  5031 | Elf:1    | Reached skill level 7 in Transmutations
  5031 | Elf:1    | Reached skill level 7 in Fire Magic
  5031 | Elf:1    | Reached skill level 7 in Ice Magic
  5031 | Elf:1    | Reached skill level 7 in Air Magic
  5031 | Elf:1    | Reached skill level 7 in Earth Magic
  5031 | Elf:1    | Reached skill level 7 in Poison Magic
  5067 | Elf:1    | Noticed a deep elf demonologist
  5070 | Elf:1    | Noticed a deep elf annihilator
  5078 | Elf:1    | Killed a deep elf annihilator
  5078 | Elf:1    | Reached skill level 9 in Armour
  5095 | Elf:1    | Learned a level 5 spell: Irradiate
  5111 | Elf:1    | Noticed a blizzard demon
  5112 | Elf:1    | Noticed an Ice Fiend
  5113 | Elf:1    | Noticed a cacodemon
  5114 | Elf:1    | Killed a deep elf demonologist
  5156 | Elf:1    | Reached skill level 10 in Spellcasting
  5166 | Elf:1    | Reached XP level 14. HP: 99/109 MP: 26/28
  5259 | Elf:3    | Entered Level 3 of the Elven Halls
  5266 | Elf:2    | Reached skill level 10 in Fighting
  5266 | Elf:2    | Reached skill level 10 in Axes
  5266 | Elf:2    | Reached skill level 10 in Dodging
  5325 | Elf:3    | Reached skill level 9 in Short Blades
  5325 | Elf:3    | Reached skill level 9 in Long Blades
  5325 | Elf:3    | Reached skill level 9 in Maces & Flails
  5325 | Elf:3    | Reached skill level 9 in Polearms
  5325 | Elf:3    | Reached skill level 9 in Staves
  5325 | Elf:3    | Reached skill level 9 in Slings
  5325 | Elf:3    | Reached skill level 9 in Bows
  5325 | Elf:3    | Reached skill level 9 in Crossbows
  5325 | Elf:3    | Reached skill level 9 in Throwing
  5325 | Elf:3    | Reached skill level 9 in Stealth
  5325 | Elf:3    | Reached skill level 9 in Shields
  5325 | Elf:3    | Reached skill level 9 in Unarmed Combat
  5325 | Elf:3    | Reached skill level 9 in Evocations
  5475 | Elf:3    | Reached skill level 10 in Invocations
  5533 | Elf:3    | Identified Ygiw's Disquisition on Lightness and Heat
  5546 | Elf:3    | Learned a level 6 spell: Deflect Missiles
  5554 | Elf:3    | Learned a level 5 spell: Silence
  5615 | Elf:3    | Noticed a deep elf elementalist
  5630 | Elf:3    | Noticed a deep elf demonologist
  5642 | Elf:3    | Noticed a deep elf master archer
  5648 | Elf:3    | Killed a deep elf master archer
  5662 | Elf:3    | Noticed a deep elf annihilator
  5664 | Elf:3    | Noticed a deep elf blademaster
  5665 | Elf:3    | Noticed a deep elf elementalist
  5666 | Elf:3    | Killed a deep elf elementalist
  5668 | Elf:3    | Killed a deep elf annihilator
  5670 | Elf:3    | Killed a deep elf blademaster
  5671 | Elf:3    | Killed a deep elf elementalist
  5671 | Elf:3    | Reached skill level 8 in Conjurations
  5671 | Elf:3    | Reached skill level 8 in Hexes
  5671 | Elf:3    | Reached skill level 8 in Summonings
  5671 | Elf:3    | Reached skill level 8 in Necromancy
  5671 | Elf:3    | Reached skill level 8 in Translocations
  5671 | Elf:3    | Reached skill level 8 in Transmutations
  5671 | Elf:3    | Reached skill level 8 in Fire Magic
  5671 | Elf:3    | Reached skill level 8 in Ice Magic
  5671 | Elf:3    | Reached skill level 8 in Air Magic
  5671 | Elf:3    | Reached skill level 8 in Earth Magic
  5671 | Elf:3    | Reached skill level 8 in Poison Magic
  5675 | Elf:3    | Noticed a deep elf annihilator
  5678 | Elf:3    | Killed a deep elf annihilator
  5678 | Elf:3    | Reached XP level 15. HP: 103/117 MP: 18/29
  5686 | Elf:3    | Got a jewelled falchion {pain}
  5686 | Elf:3    | Got a coiled copper amulet
  5691 | Elf:3    | Noticed a deep elf blademaster
  5699 | Elf:3    | Killed a deep elf blademaster
  5699 | Elf:3    | Reached skill level 10 in Armour
  5703 | Elf:3    | Noticed a deep elf elementalist
  5708 | Elf:3    | Noticed a deep elf sorcerer
  5718 | Elf:3    | Killed a deep elf sorcerer
  5719 | Elf:3    | Noticed a deep elf elementalist
  5720 | Elf:3    | Noticed a deep elf master archer
  5720 | Elf:3    | Killed a deep elf elementalist
  5723 | Elf:3    | Noticed a deep elf elementalist
  5727 | Elf:3    | Noticed a deep elf sorcerer
  5727 | Elf:3    | Killed a deep elf elementalist
  5728 | Elf:3    | Noticed a deep elf elementalist
  5728 | Elf:3    | Killed a deep elf master archer
  5728 | Elf:3    | Reached skill level 11 in Spellcasting
  5733 | Elf:3    | Killed a deep elf sorcerer
  5733 | Elf:3    | Reached skill level 10 in Charms
  5736 | Elf:3    | Killed a deep elf elementalist
  5744 | Elf:3    | Killed a deep elf elementalist
  5820 | Elf:3    | Identified the amulet "Diblamm" {rN++ Regen+ Str+2} (You took it off a deep elf mage on level 3 of the Elven Halls)
  5822 | Elf:3    | Got a ring of the Octopus King
  5824 | Elf:3    | Identified a ring of the Octopus King {MP+9 AC+1 EV+1 Str+1 Int+1 Dex+1} (You took it off a deep elf demonologist on level 3 of the Elven Halls)
  5836 | Elf:3    | Reached skill level 10 in Short Blades
  5836 | Elf:3    | Reached skill level 10 in Long Blades
  5836 | Elf:3    | Reached skill level 10 in Maces & Flails
  5836 | Elf:3    | Reached skill level 10 in Polearms
  5836 | Elf:3    | Reached skill level 10 in Staves
  5836 | Elf:3    | Reached skill level 10 in Slings
  5836 | Elf:3    | Reached skill level 10 in Bows
  5836 | Elf:3    | Reached skill level 10 in Crossbows
  5836 | Elf:3    | Reached skill level 10 in Throwing
  5836 | Elf:3    | Reached skill level 10 in Stealth
  5836 | Elf:3    | Reached skill level 10 in Shields
  5836 | Elf:3    | Reached skill level 10 in Unarmed Combat
  5836 | Elf:3    | Reached skill level 10 in Evocations
  5840 | Elf:3    | Noticed a Hell Sentinel
  5846 | Elf:3    | Identified the +6 falchion "Ruecsagh" {pain, rC+} (You took it off a deep elf mage on level 3 of the Elven Halls)
  5860 | Elf:3    | Reached skill level 11 in Fighting
  5860 | Elf:3    | Reached skill level 11 in Axes
  5860 | Elf:3    | Reached skill level 11 in Dodging
  5888 | Elf:3    | Identified the Compendium of Creative Lightness
  5917 | Elf:3    | Noticed a deep elf elementalist
  5921 | Elf:3    | Killed a deep elf elementalist
  5940 | Elf:3    | Identified a scroll of acquirement
  5965 | Elf:3    | Got a crude hunting sling
  5966 | Elf:3    | Identified the +5 hunting sling "Tormentor" {flame, rElec rN+ MR+ Str+2} (You found it on level 3 of the Elven Halls)
  6054 | Elf:2    | Reached skill level 11 in Invocations
  6217 | Orc:2    | Bought a book of Spatial Translocations for 1105 gold pieces
  6223 | Orc:2    | Learned a level 4 spell: Passage of Golubria
  6226 | Orc:2    | Learned a level 2 spell: Blink
  6229 | Orc:2    | Learned a level 2 spell: Sublimation of Blood
  6372 | D:10     | Found a staircase to the Lair.
  6398 | Lair:1   | Entered Level 1 of the Lair of Beasts
  6491 | Lair:1   | Reached XP level 16. HP: 125/125 MP: 31/31
  6532 | Lair:1   | Got a transparent mace
  6533 | Lair:1   | Identified the +0 mace of Corporal Punishment {drain, rF++ rC+ MR- Stlth+} (You found it on level 1 of the Lair of Beasts)
  6696 | Lair:2   | Got a fine ring mail
  6746 | Lair:3   | Identified the +2 ring mail of Patience {rF+} (You found it on level 2 of the Lair of Beasts)
  6752 | Lair:3   | Noticed Rupert
  6764 | Lair:3   | Killed Rupert
  6777 | Lair:3   | Found a staircase to the Snake Pit.
  6813 | Lair:2   | Reached ****** piety under Cheibriados
  6842 | Lair:2   | Found a staircase to the Swamp.
  6863 | Swamp:1  | Entered Level 1 of the Swamp
  6911 | Swamp:2  | Learned a level 4 spell: Animate Dead
  7027 | Swamp:2  | Reached skill level 9 in Conjurations
  7027 | Swamp:2  | Reached skill level 9 in Hexes
  7027 | Swamp:2  | Reached skill level 9 in Summonings
  7027 | Swamp:2  | Reached skill level 9 in Necromancy
  7027 | Swamp:2  | Reached skill level 9 in Translocations
  7027 | Swamp:2  | Reached skill level 9 in Transmutations
  7027 | Swamp:2  | Reached skill level 9 in Fire Magic
  7027 | Swamp:2  | Reached skill level 9 in Ice Magic
  7027 | Swamp:2  | Reached skill level 9 in Air Magic
  7027 | Swamp:2  | Reached skill level 9 in Earth Magic
  7027 | Swamp:2  | Reached skill level 9 in Poison Magic
  7078 | Swamp:3  | Got a steaming ring mail
  7089 | Swamp:3  | Identified the +1 ring mail "Kuux" {rC+ Dex+3} (You found it on level 3 of the Swamp)
  7123 | Swamp:2  | Noticed Nikola
  7150 | Swamp:1  | Noticed a thorn hunter
  7156 | Swamp:1  | Noticed a thorn hunter
  7165 | Swamp:1  | Killed a thorn hunter
  7165 | Swamp:1  | Reached skill level 11 in Armour
  7177 | Swamp:1  | Killed a thorn hunter
  7331 | Swamp:1  | Found a frozen archway.
  7339 | IceCv    | Entered an ice cave
  7681 | IceCv    | Noticed an Ice Fiend
  7696 | IceCv    | Killed an Ice Fiend
  7732 | IceCv    | Reached skill level 11 in Short Blades
  7732 | IceCv    | Reached skill level 11 in Long Blades
  7732 | IceCv    | Reached skill level 11 in Maces & Flails
  7732 | IceCv    | Reached skill level 11 in Polearms
  7732 | IceCv    | Reached skill level 11 in Staves
  7732 | IceCv    | Reached skill level 11 in Slings
  7732 | IceCv    | Reached skill level 11 in Bows
  7732 | IceCv    | Reached skill level 11 in Crossbows
  7732 | IceCv    | Reached skill level 11 in Throwing
  7732 | IceCv    | Reached skill level 11 in Stealth
  7732 | IceCv    | Reached skill level 11 in Shields
  7732 | IceCv    | Reached skill level 11 in Unarmed Combat
  7732 | IceCv    | Reached skill level 11 in Evocations
  7772 | IceCv    | Identified the Disquisition on Vitriolic Hexes
  7776 | IceCv    | Got a smoking glass ring
  7851 | Swamp:1  | Identified the ring of Wishful Thinking {Str+3 Int+3 Dex+3 SInv} (You found it in an ice cave)
  7927 | Swamp:2  | Reached skill level 12 in Spellcasting
  7931 | Swamp:2  | Killed Nikola
  7931 | Swamp:2  | Reached XP level 17. HP: 56/133 MP: 19/33
  7978 | Swamp:4  | Entered Level 4 of the Swamp
  7989 | Swamp:4  | Reached skill level 12 in Invocations
  8084 | Swamp:4  | Reached skill level 12 in Fighting
  8084 | Swamp:4  | Reached skill level 12 in Axes
  8084 | Swamp:4  | Reached skill level 12 in Dodging
  8143 | Swamp:4  | Got a bound bone ring
  8145 | Swamp:4  | Identified the ring "Suprurch" {rCorr Dex+4} (You found it on level 4 of the Swamp)
  8184 | Swamp:4  | Noticed the 27-headed Lernaean hydra
  8191 | Swamp:4  | Killed the 27-headed Lernaean hydra
  8191 | Swamp:4  | Reached skill level 11 in Charms
  8199 | Swamp:4  | Got a decaying rune of Zot
  8432 | Snake:1  | Entered Level 1 of the Snake Pit
  8527 | Snake:4  | Entered Level 4 of the Snake Pit
  8678 | Snake:4  | Reached skill level 10 in Conjurations
  8678 | Snake:4  | Reached skill level 10 in Hexes
  8678 | Snake:4  | Reached skill level 10 in Summonings
  8678 | Snake:4  | Reached skill level 10 in Necromancy
  8678 | Snake:4  | Reached skill level 10 in Translocations
  8678 | Snake:4  | Reached skill level 10 in Transmutations
  8678 | Snake:4  | Reached skill level 10 in Fire Magic
  8678 | Snake:4  | Reached skill level 10 in Ice Magic
  8678 | Snake:4  | Reached skill level 10 in Air Magic
  8678 | Snake:4  | Reached skill level 10 in Earth Magic
  8678 | Snake:4  | Reached skill level 10 in Poison Magic
  8707 | Snake:4  | Reached XP level 18. HP: 124/141 MP: 20/34
  8713 | Snake:4  | Reached skill level 12 in Armour
  8910 | Snake:4  | Got a serpentine rune of Zot
  9047 | Snake:1  | Noticed Roxanne
  9057 | Snake:1  | Killed Roxanne
  9058 | Snake:1  | Identified Roxanne's Catalogue of the Rocks (You took it off Roxanne on level 1 of the Snake Pit)
  9067 | Snake:1  | Learned a level 6 spell: Statue Form
  9070 | Snake:1  | Learned a level 2 spell: Passwall
  9119 | Lair:4   | Got a translucent flail
  9120 | Lair:4   | Identified the +3 flail "Rietoosh" {holy, +Rage Int-2 Dex+8 Stlth+} (You found it on level 4 of the Lair of Beasts)
  9277 | Lair:6   | Entered Level 6 of the Lair of Beasts
  9367 | Lair:6   | Gained mutation: Your muscles are strong. (Str +2) [potion of mutation]
  9367 | Lair:6   | Gained mutation: Your flesh is cold resistant. (rC+) [potion of mutation]
  9367 | Lair:6   | Gained mutation: You are partially covered in large bone plates. (SH +4) [potion of mutation]
  9434 | Lair:5   | Reached skill level 12 in Short Blades
  9434 | Lair:5   | Reached skill level 12 in Long Blades
  9434 | Lair:5   | Reached skill level 12 in Maces & Flails
  9434 | Lair:5   | Reached skill level 12 in Polearms
  9434 | Lair:5   | Reached skill level 12 in Staves
  9434 | Lair:5   | Reached skill level 12 in Slings
  9434 | Lair:5   | Reached skill level 12 in Bows
  9434 | Lair:5   | Reached skill level 12 in Crossbows
  9434 | Lair:5   | Reached skill level 12 in Throwing
  9434 | Lair:5   | Reached skill level 12 in Stealth
  9434 | Lair:5   | Reached skill level 12 in Shields
  9434 | Lair:5   | Reached skill level 12 in Unarmed Combat
  9434 | Lair:5   | Reached skill level 12 in Evocations
  9466 | Lair:5   | Found a radiant altar of Vehumet.
  9590 | Lair:5   | Found a staircase to the Slime Pits.
  9609 | Slime:1  | Entered Level 1 of the Pits of Slime
  9641 | Slime:1  | Reached skill level 13 in Invocations
  9729 | Slime:3  | Reached skill level 13 in Spellcasting
  9756 | Slime:3  | Paralysed by a great orb of eyes for 6 turns
  9763 | Slime:3  | Gained mutation: You do not regenerate when monsters are visible. [a shining eye]
  9829 | Slime:4  | Reached skill level 13 in Fighting
  9829 | Slime:4  | Reached skill level 13 in Axes
  9829 | Slime:4  | Reached skill level 13 in Dodging
  9886 | Slime:5  | Entered Level 5 of the Pits of Slime
  9909 | Slime:5  | Reached XP level 19. HP: 91/149 MP: 7/36
  9962 | Slime:5  | Noticed the Royal Jelly
  9979 | Slime:5  | Killed the Royal Jelly
  9988 | Slime:5  | HP: 15/193 [acid[the Royal Jelly] (7)]
  9999 | Slime:5  | HP: 14/193 [acid blob/splash of acid (1)]
 10000 | Slime:5  | HP: 3/193 [acid (6)]
 10007 | Slime:4  | Splashed with acid

Skill      XL: |  1  2  3  4  5  6  7  8  9 10 11 12 13 14 15 16 17 18 |
---------------+-------------------------------------------------------+-----
Spellcasting   | 5 6 7 8 9 10 11 12 13 | 13.3
Invocations    | 1 2 3 4 5 6 7 8 9 10 11 12 13 | 13.4
Short Blades   | 1 2 3 4 5 6 7 8 9 10 11 12 | 12.4
Long Blades    | 1 2 3 4 5 6 7 8 9 10 11 12 | 12.4
Maces & Flails | 1 2 3 4 5 6 7 8 9 10 11 12 | 12.4
Polearms       | 1 2 3 4 5 6 7 8 9 10 11 12 | 12.4
Staves         | 1 2 3 4 5 6 7 8 9 10 11 12 | 12.4
Slings         | 1 2 3 4 5 6 7 8 9 10 11 12 | 12.4
Bows           | 1 2 3 4 5 6 7 8 9 10 11 12 | 12.4
Crossbows      | 1 2 3 4 5 6 7 8 9 10 11 12 | 12.4
Throwing       | 1 2 3 4 5 6 7 8 9 10 11 12 | 12.4
Stealth        | 1 2 3 4 5 6 7 8 9 10 11 12 | 12.4
Shields        | 1 2 3 4 5 6 7 8 9 10 11 12 | 12.4
Unarmed Combat | 1 2 3 4 5 6 7 8 9 10 11 12 | 12.4
Conjurations   | 1 2 3 4 5 6 7 8 9 10 | 10.7
Hexes          | 1 2 3 4 5 6 7 8 9 10 | 10.7
Summonings     | 1 2 3 4 5 6 7 8 9 10 | 10.7
Necromancy     | 1 2 3 4 5 6 7 8 9 10 | 10.7
Translocations | 1 2 3 4 5 6 7 8 9 10 | 10.7
Transmutations | 1 2 3 4 5 6 7 8 9 10 | 10.7
Fire Magic     | 1 2 3 4 5 6 7 8 9 10 | 10.7
Ice Magic      | 1 2 3 4 5 6 7 8 9 10 | 10.7
Air Magic      | 1 2 3 4 5 6 7 8 9 10 | 10.7
Earth Magic    | 1 2 3 4 5 6 7 8 9 10 | 10.7
Poison Magic   | 1 2 3 4 5 6 7 8 9 10 | 10.7
Evocations     | 1 2 3 4 5 6 7 8 9 10 11 12 | 12.4
Armour         | 3 4 5 6 7 8 9 10 11 12 | 12.7
Fighting       | 5 6 7 8 9 10 11 12 13 | 13.1
Axes           | 5 6 7 8 9 10 11 12 13 | 13.1
Dodging        | 5 6 7 8 9 10 11 12 13 | 13.1
Charms         | 6 7 8 9 10 11 | 11.8

Action                   |  1- 3 |  4- 6 |  7- 9 | 10-12 | 13-15 | 16-18 | 19-21 || total
-------------------------+-------+-------+-------+-------+-------+-------+-------++-------
Melee: Hand axe          |    95 |     4 |       |   178 |   124 |    18 |       ||   419
       Bite              |    10 |     5 |    24 |    38 |    33 |   134 |     8 ||   252
       Long sword        |       |    36 |    24 |       |       |       |       ||    60
       Dire flail        |       |       |   144 |    42 |     2 |       |       ||   188
       Dagger            |       |       |       |    22 |     4 |     1 |       ||    27
       Punch             |       |       |       |     9 |     1 |       |       ||    10
       War axe           |       |       |       |       |     8 |   348 |    10 ||   366
       Scimitar          |       |       |       |       |       |   179 |       ||   179
       Unarmed           |       |       |       |       |       |    12 |     3 ||    15
Throw: Tomahawk          |       |       |     1 |    14 |    40 |    38 |       ||    93
 Cast: Infusion          |    10 |       |       |       |       |       |       ||    10
       Spectral Weapon   |     6 |     9 |    30 |    37 |    14 |    63 |       ||   159
       Regeneration      |     2 |     2 |     3 |    18 |    13 |    26 |     3 ||    67
       Song of Slaying   |       |     1 |     7 |     7 |     1 |       |       ||    16
       Shroud of Golubri |       |       |     6 |     8 |       |       |       ||    14
       Animate Skeleton  |       |       |       |     3 |       |     2 |       ||     5
       Animate Dead      |       |       |       |     1 |       |     4 |       ||     5
       Apportation       |       |       |       |    23 |    38 |   117 |       ||   178
       Borgnjor's Vile C |       |       |       |     4 |    69 |    96 |       ||   169
       Summon Lightning  |       |       |       |       |     7 |    11 |     3 ||    21
       Deflect Missiles  |       |       |       |       |     1 |       |       ||     1
       Passage of Golubr |       |       |       |       |    10 |    86 |       ||    96
       Sublimation of Bl |       |       |       |       |     1 |    43 |     5 ||    49
       Blink             |       |       |       |       |     1 |     2 |     2 ||     5
       Statue Form       |       |       |       |       |       |    11 |     1 ||    12
       Irradiate         |       |       |       |       |       |     2 |     1 ||     3
Invok: Bend Time         |       |       |     1 |     5 |       |       |       ||     6
       Slouch            |       |       |       |     6 |     8 |    20 |     5 ||    39
       Step From Time    |       |       |       |       |       |       |     1 ||     1
 Abil: Evoke Flight      |       |       |       |       |       |    10 |       ||    10
       End Transformatio |       |       |       |       |       |     7 |     1 ||     8
Evoke: Wand              |       |       |     8 |    31 |    20 |    32 |     3 ||    94
       Lightning rod     |       |       |       |     3 |    11 |    12 |       ||    26
       Sack of spiders   |       |       |       |       |       |     1 |     2 ||     3
       Lamp of fire      |       |       |       |       |       |     1 |     1 ||     2
       Phial of floods   |       |       |       |       |       |       |     1 ||     1
  Use: Potion            |     3 |       |     2 |     2 |     5 |     6 |     3 ||    21
       Scroll            |       |     9 |       |    12 |    19 |    19 |     5 ||    64
 Stab: Sleeping          |     1 |       |     2 |     3 |     6 |    12 |       ||    24
       Distracted        |       |       |     4 |     5 |     2 |    15 |       ||    26
       Paralysed         |       |       |       |    12 |     1 |     1 |     4 ||    18
  Eat: Chunk             |       |     3 |     4 |       |       |       |       ||     7
       Ration            |       |       |     2 |     2 |     4 |     4 |       ||    12
Armor: Leather armour    |    15 |       |       |       |       |     3 |       ||    18
       Robe              |       |    10 |    11 |       |       |       |       ||    21
       Ring mail         |       |       |    48 |    71 |     6 |    14 |       ||   139
       Troll leather arm |       |       |       |       |    21 |    76 |       ||    97
       Skin              |       |       |       |       |       |    62 |    26 ||    88
Dodge: Dodged            |    53 |    33 |   137 |   203 |   122 |   663 |    55 ||  1266
       Deflected         |       |       |       |       |     6 |     1 |       ||     7
Block: Other             |       |     4 |    13 |    13 |     1 |       |       ||    31
       Reflection        |       |       |       |     1 |     4 |       |       ||     5
       Buckler           |       |       |       |       |    56 |   258 |       ||   314
       Shield            |       |       |       |       |       |   199 |    51 ||   250
       Rpst.: Long sword |       |    14 |     3 |       |       |       |       ||    17
       Scimitar          |       |       |       |       |       |    24 |       ||    24

Table legend:
 A = Turns spent in this place as a percentage of turns spent in the entire game.
 B = Non-inter-level travel turns spent in this place as a percentage of non-inter-level travel turns spent in the entire game.
 C = Inter-level travel turns spent in this place as a percentage of turns spent in this place.
 D = Turns resting spent in this place as a percentage of non-inter-level travel turns spent in this place.
 E = Turns spent auto-exploring this place as a percentage of non-inter-level travel turns spent in this place.
 F = Non-inter-level travel turns spent in this place divided by the number of levels of this place that you've seen.
                   A       B       C       D       E      F
               +-------+-------+-------+-------+-------+----------------------
         Total | 100.0 | 100.0 |   3.1 |   0.0 |   0.0 | 248.7
       Dungeon |  41.5 |  41.7 |   2.4 |   0.0 |   0.0 | 311.5
        Temple |   0.5 |   0.3 |  38.8 |   0.0 |   0.0 |  30.0
          Lair |  10.4 |  10.7 |   0.0 |   0.0 |   0.0 | 173.7
         Swamp |  10.6 |  10.9 |   0.0 |   0.0 |   0.0 | 264.5
     Snake Pit |   6.5 |   6.7 |   0.0 |   0.0 |   0.0 | 162.8
    Slime Pits |   3.8 |   3.9 |   0.0 |   0.0 |   0.0 |  76.4
  Orcish Mines |   8.4 |   7.1 |  18.2 |   0.0 |   0.0 | 344.5
   Elven Halls |  13.6 |  13.6 |   2.4 |   0.0 |   0.0 | 441.3
      Ice Cave |   4.8 |   4.9 |   0.0 |   0.0 |   0.0 | 476.0
               +-------+-------+-------+-------+-------+----------------------

Table legend:
 A = Kills in this place as a percentage of kills in entire the game.
 B = Kills by you in this place as a percentage of kills by you in the entire game.
 C = Kills by friends in this place as a percentage of kills by friends in the entire game.
 D = Other kills in this place as a percentage of other kills in the entire game.
 E = Experience gained in this place as a percentage of experience gained in the entire game.
 F = Experience gained in this place divided by the number of levels of this place that you have seen.
                   A       B       C       D       E      F
               +-------+-------+-------+-------+-------+----------------------
         Total | 100.0 | 100.0 | 100.0 | 100.0 | 100.0 | 8569.9
       Dungeon |  26.5 |  27.5 |  11.1 |   0.0 |   8.0 | 2060.4
          Lair |   9.0 |   9.2 |   6.7 |   0.0 |   7.6 | 4248.3
         Swamp |  15.4 |  14.2 |  40.0 |   0.0 |  19.8 | 16550.2
     Snake Pit |   8.8 |   9.0 |   2.2 |  25.0 |  13.7 | 11416.0
    Slime Pits |   7.9 |   7.4 |  17.8 |   0.0 |  17.5 | 11689.4
  Orcish Mines |  14.9 |  15.7 |   0.0 |   0.0 |   3.8 | 6396.5
   Elven Halls |  11.9 |  11.4 |  15.6 |  75.0 |  26.4 | 29368.3
      Ice Cave |   5.7 |   5.6 |   6.7 |   0.0 |   3.2 | 10741.0
               +-------+-------+-------+-------+-------+----------------------

Vault maps used:
D:1:      dpeg_arrival_fog, minmay_ruptured
D:2:      kennysheep_six_static_rooms
D:3:      uniq_crazy_yiuf_cottage, uniq_grinder
D:4:      serial_shops, shop, uniq_edmund, uniq_pikel, uniq_blork_the_orc
D:5:      nemelex_xobeh_ov_fountains_minmay, first_ration, tgw_fedhas,
          uniq_eustachio
D:6:      good_gods_mini_temple, cheibrodos_ashenzari_chains,
          vehumet_altar_wand_db, minmay_temple_entry_grid, serial_shops,
          nicolae_shop_behind_doors, shop, shop, kennysheep_pointless_box,
          serial_bayou_lagoon_b
D:7:      gammafunk_temple_overflow_pools
D:8:      serial_shops, nicolae_shop_behind_doors, minmay_three_doors
D:9:      okawaru_gym_becter, serial_shops, shop, david_nohive_1,
          grunt_decor_arrowhead
D:10:     dpeg_lair_monsters, uniq_sonja
D:11:     uniq_josephine, uniq_snorg, uniq_harold
D:12:     minmay_the_grid_four_pointed_star, billiards_dpeg
D:13:     hangedman_vaults_entry_quadrant_bands
Temple:   nicolae_temple_figure_eight
Lair:1:   grunt_megastairs_4, lemuel_fruit_fields
Lair:2:   minmay_swamp_entry_worms, serial_forest,
          infiniplex_forest_lined_room_2, infiniplex_forest_straight_2,
          infiniplex_forest_lined_room_2, infiniplex_forest_3_way,
          infiniplex_forest_straight_3, infiniplex_forest_lined_2,
          infiniplex_forest_lined_3, infiniplex_forest_clump_diagonal,
          infiniplex_forest_clump_curved
Lair:3:   guppyfry_snake_entry_island, uniq_rupert
Lair:4:   beast_lair_carwin_1, grunt_megastairs_5, lemuel_fruit_fields
Lair:5:   dpeg_slime_entry_corner, basic_altar
Lair:6:   grunt_lair_end_beastmaster, nicolae_quartered_pool_super, ice2_lemuel
Swamp:1:  cheibrodos_swamp_tower_of_moss, portal_ice_cave_entry_dragon,
          evilmike_swamp_ruin_house_2, infiniplex_staircase_pool
Swamp:2:  nicolae_swamp_stair_fork, swamp_pool3,
          nicolae_swamp_oklob_treasure_island, uniq_nikola
Swamp:3:  evilmike_swamp_ruin_rubble_1, infiniplex_staircase_pool_2
Swamp:4:  grunt_swamp_rune_castle
Snake:1:  grunt_ministairs_6, serial_bayou_shore_b, uniq_roxanne
Snake:2:  minmay_shop_star, serial_bayou_shore_b
Snake:3:  lemuel_fruit_tree
Snake:4:  snake_pit
Orc:1:    nicolae_orc_bridge_out
Orc:2:    grunt_orc_community_town_hall, grunt_orc_community_big_house_1,
          grunt_orc_community_big_house_1, grunt_orc_community_house_3,
          grunt_orc_community_house_2, grunt_orc_community_house_2,
          grunt_orc_community_house_1
Elf:1:    minmay_elf_arrival_summoners, hangedman_elf_represent
Elf:2:    einodemon_armed_red_devil_minivault, basic_stair_grate_trap,
          uniq_donald
Elf:3:    elf_hall, serial_sigils_hangedman_shear
IceCv:    ice_cave_caverns_03
